Map: Base du roi Sejong EC

Players

Sankukai

  • Race: Zerg Zerg
  • League: Gold

IA (très facile) - Winner!

  • Race: Protoss Protoss

VOD

Have the link to the VOD?

Description

Time

  • Played on: Aug. 28, 2016, 9:35 a.m.
  • Length: 4:16
Show
View Real Time Build Order
Export as new Build Order

Sankukai Zerg 

Build Orders: 3 Hatch before Pool 

Get SALT Encoding   

  12  0:01  Drone  
  13  0:12  Overlord  
  13  0:17  Drone  
  14  0:31  Drone x2  
  14  0:35  Drone  
  17  0:54  Hatchery  
  17  0:57  Drone  
  17  1:20  Hatchery  
  17  1:21  Drone  
  17  1:25  Extractor  
  16  1:27  Drone  
  17  1:41  Spawning Pool  
  17  1:46  Drone  
  17  1:51  Drone  
  18  1:54  Drone  
  19  2:03  Overlord  
  20  2:15  Drone x2  
  20  2:19  Drone  
  20  2:21  Drone  
  23  2:28  Drone  
  23  2:29  Metabolic Boost  
  24  2:36  Drone  
  25  2:38  Drone x2  
  27  2:47  Queen  
  29  2:51  Queen  
  29  2:56  Overlord  
  31  3:02  Queen  
  33  3:08  Drone x3  
  33  3:11  Drone  
  33  3:12  Drone  
  38  3:17  Extractor  
  37  3:22  Roach Warren  
  37  3:24  Zergling x2  
  37  3:29  Overlord  
  37  3:31  Overlord  
  37  3:39  Queen  
  39  3:46  Drone x2  
  39  3:47  Drone  
  43  3:48  Drone  
  43  3:50  Drone  
  43  3:52  Drone  
  45  3:56  Drone  
  45  3:57  Drone  
  45  3:58  Drone  
Show
View Real Time Build Order
Export as new Build Order

IA (très facile) Protoss - Winner!

Build Orders:  

Get SALT Encoding   

  12  0:01  Probe (Chrono Boost)  
  13  0:11  Probe (Chrono Boost)  
  14  0:19  Pylon  
  14  0:36  Assimilator  
  14  0:42  Gateway  
  14  0:45  Pylon  
  14  1:12  Assimilator  
  14  1:20  Probe (Chrono Boost)  
  15  1:31  Cybernetics Core, Probe (Chrono Boost)  
  16  1:41  Probe (Chrono Boost)  
  17  1:52  Probe (Chrono Boost)  
  18  1:55  Warp Gate  
  18  2:03  Probe (Chrono Boost)  
  18  2:08  Stalker  
  19  2:15  Probe (Chrono Boost)  
Tags
 
Add a new tag
Caveats
  • Supply blocks, unpowered buildings, or Contaminate may cause inaccurate times.
  • Supply counts are checked every 10 seconds.